 Dungeon Crawl Stone Soup version 0.27-a0-328-g7f782ed93a (webtiles) character file.

Game seed: 1786840752453908951

1059 assasa the Shield-Bearer (level 8, -6/67 (70) HPs)
             Began as a Minotaur Fighter on Feb 12, 2021.
             Was a Follower of Okawaru.
             Mangled by an orc warrior
             ... wielding a +0 great sword
              (7 damage)
             ... on level 5 of the Dungeon.
             The game lasted 00:03:37 (5042 turns).

assasa the Shield-Bearer (Minotaur Fighter)         Turns: 5042, Time: 00:03:37

HP:   -6/67 (70)    AC:  9    Str: 23    XL:     8   Next: 6%
MP:   7/7           EV:  9    Int:  5    God:    Okawaru [*.....]
Gold: 235           SH: 10    Dex: 10    Spells: 7/7 levels left

rFire    . . .     SeeInvis .   a - +0 flail
rCold    . . .     Faith    .   c - +0 kite shield
rNeg     . . .     Spirit   .   b - +0 scale mail
rPois    .         Reflect  .   (helmet restricted)
rElec    .         Harm     .   (no cloak)
rCorr    .         Rampage  .   (no gloves)
Will     .....                  n - +0 pair of boots
Stlth    ..........             (no amulet)
HPRegen  0.21/turn              (no ring)
MPRegen  0.10/turn              (no ring)

@: lightly drained
A: retaliatory headbutt, horns 2
a: Renounce Religion, Heroism


You were on level 5 of the Dungeon.
You worshipped Okawaru.
Okawaru was aware of your devotion.
You visited 2 branches of the dungeon, and saw 6 of its levels.

You collected 235 gold pieces.

Inventory:

Hand Weapons
 a - a +0 flail (weapon)
Armour
 b - a +0 scale mail (worn)
 c - a +0 kite shield (worn)
 n - a +0 pair of boots (worn)
Jewellery
 s - an amulet of faith {unknown}
Wands
 q - a wand of polymorph (5)
 t - a wand of random effects (32)
Scrolls
 e - a scroll of blinking {unknown}
 g - 2 scrolls of random uselessness {unknown}
 i - 8 scrolls of identify {unknown}
 k - 4 scrolls of magic mapping {unknown}
 m - a scroll of enchant weapon {unknown}
 o - a scroll of fear {unknown}
 v - a scroll of amnesia {unknown}
Potions
 d - a potion of might
 f - a potion of mutation {unknown}
 h - a potion of attraction {unknown}
 j - a potion of haste {unknown}
 l - 3 potions of heal wounds {unknown}
 p - 2 potions of degeneration {unknown}
 r - 3 potions of curing {unknown}
 u - a potion of ambrosia {unknown}


   Skills:
 + Level 5.8 Fighting
 + Level 6.6 Maces & Flails
 + Level 6.3 Armour
 + Level 1.8 Dodging
 + Level 0.7 Stealth
 + Level 6.7 Shields


You had 7 spell levels left.
You didn't know any spells.
Your spell library was empty.

Dungeon Overview and Level Annotations

Branches:
Dungeon (5/15)             Temple (1/1) D:5

Altars:
Ashenzari
Cheibriados
Dithmenos
Fedhas
Gozag
Hepliaklqana
Nemelex Xobeh
Okawaru
Ru
Sif Muna
Trog
Uskayaw
Yredelemnul
The Shining One


Innate Abilities, Weirdness & Mutations

You reflexively headbutt those who attack you in melee.
You have a pair of horns on your head.


Message History

You are too injured to fight recklessly!
You are too injured to fight recklessly!
You are too injured to fight recklessly!
You are too injured to fight recklessly!
You are too injured to fight recklessly!
You are too injured to fight recklessly!
You are too injured to fight recklessly!
You are too injured to fight recklessly!
You are too injured to fight recklessly!
You are too injured to fight recklessly!
You are too injured to fight recklessly!
You are too injured to fight recklessly!
You hit the orc warrior but do no damage.
The orc warrior is heavily wounded.
The orc warrior hits you but does no damage.
You hit the orc warrior but do no damage.
Your headbutt misses the orc warrior.
The orc warrior is heavily wounded.
The orc warrior hits you with a +0 great sword!
* * * LOW HITPOINT WARNING * * *
You hit the orc warrior but do no damage.
The orc warrior is heavily wounded.
The orc warrior closely misses you.
You hit the orc warrior but do no damage.
The orc warrior is heavily wounded.
The orc warrior closely misses you.
You hit the orc warrior but do no damage.
The orc warrior is heavily wounded.
The orc warrior hits you but does no damage.
You hit the orc warrior.
The orc warrior is severely wounded.
The orc warrior hits you with a +0 great sword!
* * * LOW HITPOINT WARNING * * *
You hit the orc warrior but do no damage.
The orc warrior is severely wounded.
You block the orc warrior's attack.
You hit the orc warrior.
The orc warrior is almost dead.
The orc warrior hits you with a +0 great sword!
You die...

.....................#
..#.............#....
..##........#...#..#
...#.......##.....#
..................##
...................##
....................###
......................#
................@...#.
......)..........o....#
......).....#.........#
........#.###...###...#
#.......#.......#)#...#
###..........$..###...#
# ##........##... ....#
#).......##... ..##
..$.....##


You could see an orc warrior.

Vanquished Creatures
  Sigmund (D:2)
  A centaur (D:5)
  2 phantoms (D:4)
  2 wights (D:5)
  A howler monkey (D:5)
  A bullfrog zombie (D:5)
  3 hounds
  An orc priest (D:3)
  A bullfrog skeleton (D:5)
  An orc wizard (D:3)
  Ijyb (D:3)
  A killer bee zombie (D:5)
  2 worker ants (D:5)
  A mummy (D:4)
  10 adders
  4 gnolls
  An adder zombie (D:5)
  2 dart slugs
  3 leopard geckos
  12 orcs
  A ball python (D:2)
  7 bats
  5 giant cockroaches
  14 goblins
  A hobgoblin (D:2)
  2 jackals (D:1)
  7 kobolds
  2 quokkas
  4 frilled lizards
  A leopard gecko skeleton (D:2)
  9 rats
104 creatures vanquished.

Notes
Turn   | Place    | Note
-------+----------+-------------------------------------------
     0 | D:1      | assasa the Minotaur Fighter began the quest for the Orb.
     0 | D:1      | Reached XP level 1. HP: 19/19 MP: 0/0
   185 | D:1      | Reached XP level 2. HP: 26/26 MP: 1/1
   409 | D:1      | Reached XP level 3. HP: 14/33 MP: 2/2
  1114 | D:2      | Found a sacrificial altar of Ru.
  1289 | D:2      | Reached XP level 4. HP: 36/40 MP: 3/3
  1795 | D:2      | Noticed Sigmund
  1801 | D:2      | Killed Sigmund
  1802 | D:2      | Reached skill level 1 in Dodging
  1802 | D:2      | Reached skill level 5 in Shields
  1802 | D:2      | Reached XP level 5. HP: 29/47 MP: 4/4
  1802 | D:2      | Reached XP level 6. HP: 32/53 MP: 5/5
  2249 | D:3      | Reached skill level 5 in Armour
  2272 | D:3      | Found a faded altar of an unknown god.
  2885 | D:3      | Reached skill level 5 in Maces & Flails
  3248 | D:3      | Noticed Ijyb
  3254 | D:3      | Killed Ijyb
  3857 | D:4      | Reached skill level 5 in Fighting
  3857 | D:4      | Reached XP level 7. HP: 37/61 MP: 6/6
  4273 | D:5      | Entered Level 5 of the Dungeon
  4279 | D:5      | Found a staircase to the Ecumenical Temple.
  4356 | Temple   | Entered the Ecumenical Temple
  4505 | Temple   | Became a worshipper of Warmaster Okawaru
  4898 | D:5      | Reached * piety under Okawaru
  4899 | D:5      | Reached XP level 8. HP: 45/66 MP: 7/7
  5040 | D:5      | HP: 1/67 [orc warrior/+0 great sword (8)]
  5042 | D:5      | Mangled by an orc warrior

Illustrated notes

Levels and vault maps discovered:
D:1:      dpeg_arrival_water_temple_mockup, layout_rooms
D:2:      layout_basic, overflow_temple_1_default, minmay_tetromino_l4,
          uniq_sigmund
D:3:      cheibrodos_helix_gallery, layout_basic,
          chequers_ecumenical_altar_simple, hangedman_abyss_or_decor_stabs,
          chequers_arboretum, uniq_ijyb
D:4:      layout_basic, gup_ossuary_entry_pyramid
D:5:      layout_cave_pools, zin_statuary, lightli_temple_of_fire,
          minmay_temple_entry_tees, sword_in_stone
Temple:   dpeg_five_rooms_temple

Skill      XL: |  1  2  3  4  5  6  7 |
---------------+----------------------+-----
Shields        | 4 5 6 |  6.7
Armour         | 4 5 6 |  6.3
Maces & Flails | 3 4 5 6 |  6.6
Fighting       | 4 5 |  5.8
Dodging        | 1 |  1.8
Stealth        | |  0.7

Action                   |  1- 3 |  4- 6 |  7- 9 || total
-------------------------+-------+-------+-------++-------
Melee: Flail             |    77 |   159 |   107 ||   343
       Headbutt          |     8 |    23 |    19 ||    50
Armor: Scale mail        |    45 |    75 |    46 ||   166
Dodge: Dodged            |    40 |    47 |    32 ||   119
Block: Kite shield       |    64 |    94 |    60 ||   218

Table legend: (Time is in decaauts)
 A = Elapsed time spent in this place.
 B = Non-inter-level travel time spent in this place.
 C = Inter-level travel time spent in this place.
 D = Time resting spent in this place.
 E = Time spent auto-exploring this place.
 F = Levels seen in this place.
 G = Mean time per level.
                   A        B        C        D        E       F      G
               +--------+--------+--------+--------+--------+-----+--------+
         Total |   5168 |   4918 |    250 |      0 |   4126 |   6 |  861.3 |
       Dungeon |   4967 |   4800 |    167 |      0 |   4015 |   5 |  993.4 |
        Temple |    200 |    117 |     83 |      0 |    111 |   1 |  200.0 |
               +--------+--------+--------+--------+--------+-----+--------+

Top non-repeatable levels by time:
     D:2: 1388 daAuts
     D:3: 1315 daAuts
     D:1: 902 daAuts
     D:4: 772 daAuts
     D:5: 589 daAuts
  Temple: 200 daAuts
